 Dungeon Crawl Stone Soup version 0.28.0-45-g0d030f2227 (webtiles) character file.

Game seed: 6246462537595482469

92908 Icepheonix32 the Dancer (level 15, -12/108 HPs)
             Began as a Demonspawn Ice Elementalist on Apr 19, 2022.
             Was a Follower of Uskayaw.
             Shot with a bolt by a yaktaur captain (26 damage)
             ... on level 15 of the Dungeon on Apr 21, 2022.
             The game lasted 01:21:53 (28084 turns).

Icepheonix32 the Dancer (DsIE)                     Turns: 28084, Time: 01:21:53

Health: -12/108    AC: 11    Str: 19    XL:     15   Next: 59%
Magic:  27/27      EV: 15    Int: 20    God:    Uskayaw [*.....]
Gold:   440        SH:  0    Dex: 21    Spells: 4/31 levels left

rFire   . . .      SeeInvis .   f - +7 pair of quick blades "Gyre" and "Gimble" {protect}
rCold   + + .      Faith    .   (shield currently unavailable)
rNeg    . . .      Spirit   .   U - +0 steam dragon scales
rPois   +          Reflect  .   (helmet restricted)
rElec   .          Harm     .   b - +1 cloak {rPois}
rCorr   .          Rampage  .   Q - +1 pair of gloves
Will    +....                   (no boots)
Stlth   +++++.....              t - amulet of magic regeneration
HPRegen 0.28/turn               R - ring of the Failed Coup {Drain rF+ rC+ Str+6 Dex+8}
MPRegen 0.60/turn               M - ring of ice

@: about to teleport
A: claws 2, hooves 2, horns 1, demonic guardian 2, demonic magic 2
a: Renounce Religion, Stomp


You were on level 15 of the Dungeon.
You worshipped Uskayaw.
Uskayaw was pleased with you.
You visited 3 branches of the dungeon, and saw 20 of its levels.
You also visited: Ossuary and Gauntlet.

You collected 1952 gold pieces.
You spent 1512 gold pieces at shops.

Inventory:

Hand Weapons
 f - the +7 pair of quick blades "Gyre" and "Gimble" (weapon) {protect}
   (You bought it in a shop on level 8 of the Dungeon)

   It grants its wielder temporary protection when it strikes (+7 to AC).
 o - a +4 short sword
 q - a +4 trident
 Z - a +1 glaive of protection
Missiles
 u - 35 poisoned darts
 x - 2 throwing nets
 K - 8 boomerangs
 P - 4 silver boomerangs
Armour
 b - a +1 cloak of poison resistance (worn)
 m - the +1 robe of the Hanged Man {+Blink rC+ SInv}
   (You found it on level 4 of the Lair of Beasts)

   rC:        It protects you from cold.
   SInv:      It lets you see invisible.
   +Blink:    It lets you blink.
 B - a +1 robe of willpower
 Q - a +1 pair of gloves (worn)
 T - the +8 chain mail of Hide-and-Seek {Will+ Str+2}
   (You found it on level 9 of the Dungeon)

   Str:       It affects your strength (+2).
   Will:      It increases your willpower.
 U - +0 steam dragon scales (worn)
Jewellery
 h - a +6 ring of dexterity
 k - a +6 ring of intelligence
 t - an amulet of magic regeneration (around neck)
 A - the ring of Vicewnurr {rCorr Str+5 SInv}
   (You found it on level 5 of the Dungeon)

   [ring of see invisible]

   Str:       It affects your strength (+5).
   SInv:      It lets you see invisible.
   rCorr:     It protects you from acid and corrosion.
 M - a ring of ice (right hand)
 N - a +4 ring of protection
 R - the ring of the Failed Coup (left hand) {Drain rF+ rC+ Str+6 Dex+8}
   (You found it in a Gauntlet)

   [ring of strength]

   Str:       It affects your strength (+6).
   Dex:       It affects your dexterity (+8).
   rF:        It protects you from fire.
   rC:        It protects you from cold.
   Drain:     It drains your maximum health when unequipped.
 V - a ring of protection from fire
 W - a ring of wizardry
Wands
 a - a wand of iceblast (7)
 y - a wand of charming (8)
 z - a wand of paralysis (4)
 H - a wand of polymorph (22)
 J - a wand of acid (5)
 X - a wand of flame (5)
Scrolls
 d - 15 scrolls of teleportation
 e - 3 scrolls of vulnerability
 j - 3 scrolls of holy word
 n - 4 scrolls of identify
 s - 3 scrolls of blinking
 v - 4 scrolls of fog
 C - 3 scrolls of fear
 E - 2 scrolls of amnesia
 L - a scroll of summoning
 S - a scroll of magic mapping
Potions
 c - 5 potions of flight
 g - 3 potions of lignification
 i - 4 potions of ambrosia
 l - 5 potions of mutation
 p - 10 potions of curing
 r - 2 potions of cancellation
 w - a potion of berserk rage
 D - a potion of invisibility
 F - a potion of might
 G - 3 potions of brilliance
 I - 3 potions of heal wounds
 O - a potion of resistance
Miscellaneous
 Y - a condenser vane


   Skills:
 * Level 7.5 Fighting
 + Level 6.9 Short Blades
 + Level 6.6 Armour
 + Level 4.6 Dodging
 + Level 10.8 Stealth
 + Level 8.9 Spellcasting
 + Level 4.6 Conjurations
 + Level 0.6 Hexes
 + Level 13.9 Ice Magic
 + Level 4.2 Air Magic
 + Level 4.3 Poison Magic
 * Level 14.6 Invocations
 * Level 5.3 Evocations


You had 4 spell levels left.
You knew the following spells:

 Your Spells              Type           Power      Damage    Failure   Level
a - Freeze                Ice            100%       1d11      1%          1
b - Ozocubu's Armour      Ice            77%        N/A       1%          3
c - Frozen Ramparts       Ice            100%       1d12      1%          3
d - Hailstorm             Conj/Ice       62%        3d13      1%          4
e - Ensorcelled Hibernat  Hex/Ice        100%       N/A       1%          2
f - Ozocubu's Refrigerat  Ice            38%        4d12      22%         7
g - Mephitic Cloud        Conj/Pois/Air  26%        N/A       3%          3
h - Summon Ice Beast      Ice/Summ       53%        N/A       4%          4

Your spell library contained the following spells:

 Spells                   Type           Power      Damage    Failure   Level
 Magic Dart               Conj           100%       1d8       1%          1
 Static Discharge         Conj/Air       26%        N/A       1%          2
 Foxfire                  Conj/Fire      72%        2x1d7     3%          1
 Swiftness                Air            25%        N/A       4%          3
 Ice Form                 Ice/Tmut       53%        N/A       4%          4
 Slow                     Hex            44%        N/A       6%          1
 Animate Skeleton         Necr           16%        N/A       8%          1
 Apportation              Tloc           16%        N/A       8%          1
 Pain                     Necr           32%        1d5       8%          1
 Summon Small Mammal      Summ           32%        N/A       8%          1
 Dazzling Flash           Conj/Hex       38%        N/A       8%          3
 Conjure Flame            Conj/Fire      18%        6-21      9%          3
 Call Imp                 Summ           8%         N/A       12%         2
 Passwall                 Tmut/Erth      6%         N/A       12%         2
 Olgreb's Toxic Radiance  Pois           26%        N/A       13%         4
 Inner Flame              Hex/Fire       10%        N/A       21%         3
 Lesser Beckoning         Tloc           8%         N/A       24%         3
 Flame Wave               Conj/Fire      18%        2d6       30%         4
 Anguish                  Hex/Necr       5%         N/A       56%         4
 Animate Dead             Necr           4%         N/A       61%         4
 Passage of Golubria      Tloc           8%         N/A       61%         4
 Lightning Bolt           Conj/Air       13%        1d26      34%         5
 Silence                  Hex/Air        9%         N/A       63%         5
 Yara's Violent Unravell  Hex/Tmut       5%         3d4       88%         5
 Agony                    Necr           8%         N/A       91%         5
 Borgnjor's Vile Clutch   Necr/Erth      4%         N/A       91%         5
 Excruciating Wounds      Necr           4%         N/A       91%         5
 Summon Forest            Summ/Tloc      4%         N/A       91%         5
 Eringya's Noxious Bog    Tmut/Pois      8%         N/A       99%         6
 Death Channel            Necr           4%         N/A       100%        6
 Summon Hydra             Summ           4%         N/A       100%        7
 Discord                  Hex            5%         N/A       100%        8
 Ignition                 Fire           4%         3d4       100%        8
 Lehudib's Crystal Spear  Conj/Erth      9%         10d4      100%        8
 Maxwell's Capacitive Co  Air            12%        ∞         100%        8
 Necromutation            Tmut/Necr      4%         N/A       100%        8
 Chain Lightning          Conj/Air       13%        3d17      100%        9


Dungeon Overview and Level Annotations

Branches:
Dungeon (15/15)            Temple (1/1) D:5            Lair (4/6) D:8
 Shoals (0/4) Lair:4          Orc (0/2) D:9          Vaults (0/5) D:14
 Depths (0/4) D:15        Ossuary (visited)         Gauntlet (visited)
  Snake: Lair:2-4    Spider: Lair:2-4

Altars:
Ashenzari
Cheibriados
Dithmenos
Elyvilon
Fedhas
Gozag
Hepliaklqana
Kikubaaqudgha
Makhleb
Nemelex Xobeh
Okawaru
Qazlal
Ru
Sif Muna
Trog
Uskayaw
Vehumet
Wu Jian
Xom
Yredelemnul
Zin
The Shining One

Shops:
D:1 [   D:5 *   D:8 (=((*

Annotations:
D:3 2 runed translucent doors, GigaChad's ghost, amateur MiFi
D:7 1 runed translucent door, Lamak's ghost, novice TrFi


Innate Abilities, Weirdness & Mutations

You have very sharp fingernails.
You have hoof-like feet.
You have a pair of small horns on your head.
A demonic guardian rushes to your aid.
Spells you cast may paralyse nearby enemies.


Message History

You now have 410 gold pieces (gained 11).
n - 4 scrolls of identify (gained 1)
You pick up the Collected Works on Destructive Translocation and begin reading...
You add the spells Lesser Beckoning, Passage of Golubria and Lehudib's Crystal Spear to your library.
You see here a box of beasts.
You now have 424 gold pieces (gained 14).
s - 3 scrolls of blinking (gained 1)
Found a longbow.
You now have 440 gold pieces (gained 16).
c - 5 potions of flight (gained 1)
A yaktaur captain comes into view.
It is wielding a +0 long sword of draining.
Found 12 stones.
You open the door.
There is an open door here.
The yaktaur captain shouts!
The yaktaur captain unwields a +0 long sword of draining.
The yaktaur captain wields a +0 arbalest.
The yaktaur captain shoots a bolt.
The bolt hits you!
You hear a shout!
You hear a roar!
Found 17 stones.
The yaktaur captain shoots a bolt.
The bolt hits you!
There is an open door, spattered with blood here.
A redback comes into view.
The yaktaur captain shoots a bolt.
The bolt hits you!!
A freezing wraith comes into view.
The yaktaur captain shoots a bolt.
The bolt hits you!!
You are too injured to fight recklessly!
Unknown command.
As you read the scroll of teleportation, it crumbles to dust.
You feel strangely unstable.
The yaktaur captain shoots a bolt.
The bolt closely misses you.
A seven-headed hydra comes into view.
You hear an angry hiss.
Unknown command.
A wizard comes into view. It is wielding a staff of conjuration.
The yaktaur captain shoots a bolt.
The bolt hits you!!
* * * LOW HITPOINT WARNING * * *
A demonic guardian appears!
The wizard moves out of view.
Unknown command.
You feel better.
The yaktaur captain shoots a bolt.
The bolt hits you!!
You die...

##.......##≈.....'#[.....#....
##########≈$....###.#.####.#.
#####§##.....#+#÷######'#
≈≈≈≈≈###+..<...(..)≈##.#.
.[[.##.#'.....(##.≈##...
......+#..'....#...≈##...
.#.##W.+#.#'...#...≈#....
..##...+..##....}.≈##.#.
#....@'###§≈≈≈≈≈§##...
#.c..s..##§###########.
.......##.4≈#############
.D#...# #..≈##........... .
##.# ...)≈##..<...#...# #..
.#.(≈##.>..#...#.. ...
.§.≈##..<...#...# ...
§§§§##........... #...........


You could see a yaktaur captain, a seven-headed hydra, a freezing wraith, a
redback (ally target) and a friendly orange demon (summoned).

Vanquished Creatures
  A minotaur (Gauntlet)
  Fannar (D:12)
  A great orb of eyes (D:15)
  2 yaktaur captains (D:15)
  A fire dragon (D:15)
  8 vault guards (D:14)
  12 hydras
  5 boulder beetles
  4 catoblepae
  9 centaur warriors (D:15)
  2 ogre magi (D:15)
  4 two-headed ogres
  2 death scarabs (Gauntlet)
  4 death yaks (Lair:4)
  A deep troll earth mage (D:15)
  4 tengu warriors
  A deep elf knight (D:15)
  A fire crab (D:15)
  3 skeletal warriors (D:12)
  A phantasmal warrior (D:15)
  A spectral hydra (Gauntlet)
  2 orc knights (D:15)
  5 deep elf pyromancers
  A wolf spider (D:15)
  9 cyclopes
  21 ugly things
  9 manticores
  5 black mambas
  An eye of devastation (shapeshifter) (D:15)
  2 unseen horrors
  3 gargoyles
  A cane toad (shapeshifter) (D:15)
  7 cane toads
  2 rime drakes (Gauntlet)
  A yaktaur (D:15)
  A yaktaur (shapeshifter) (D:15)
  2 kobold demonologists
  3 freezing wraiths
  6 komodo dragons
  An efreet (D:15)
  2 tengu conjurers (Gauntlet)
  2 trolls
  18 slime creatures
  2 polar bears
  4 dream sheep (Lair:4)
  A wolf spider simulacrum (D:15)
  A culicivora (shapeshifter) (D:15)
  A shadow (D:11)
  43 yaks
  A wyvern (Lair:4)
  A human (shapeshifter) (D:15)
  A golden eye (shapeshifter) (D:15)
  A redback simulacrum (D:15)
  2 steam dragons
  7 basilisks
  A spectral cane toad (Gauntlet)
  3 wargs
  2 acid dragons
  12 water moccasins
  A hornet zombie (D:8)
  A sky beast (D:4)
  6 orc warriors
  A black bear (D:7)
  4 necrophages
  5 ogres
  An ice beast (D:4)
  A boggart (shapeshifter) (D:15)
  A boggart (D:15)
  3 wolves (Lair:4)
  4 centaurs
  2 kobold brigands
  10 bullfrogs
  A scorpion (D:4)
  2 wyvern zombies
  11 wights
  4 howler monkeys
  2 electric eels (Lair:1)
  3 centaur zombies
  2 hounds
  A bullfrog skeleton (D:6)
  4 jellies
  3 orc priests
  3 centaur skeletons
  A gnoll shaman (D:9)
  3 iron imps (D:8)
  An iguana (D:4)
  11 orc wizards
  9 mummies
  A howler monkey zombie (D:8)
  4 gnolls (D:9)
  A howler monkey skeleton (D:7)
  8 adders
  An ufetubus (D:4)
  2 adder skeletons (D:4)
  2 dart slugs (D:2)
  38 orcs
  7 bats
  10 endoplasms
  6 goblins
  6 hobgoblins
  6 quokkas
  6 ball pythons
  2 frilled lizards
  3 gnoll zombies (Ossuary)
  4 hobgoblin zombies
  19 kobolds
  A kobold zombie (Ossuary)
  2 orc zombies (Ossuary)
  2 rats
487 creatures vanquished.

Vanquished Creatures (collateral kills)
  A death knight (D:12)
  A spectral catoblepas (Gauntlet)
  A skeletal warrior (D:12)
  A deep elf pyromancer (D:15)
  An orc knight (D:15)
  A slime creature (D:15)
  A basilisk (Lair:1)
  A spectral torpor snail (Gauntlet)
  A scorpion (D:4)
  An electric eel (Lair:1)
  A jelly (D:2)
  2 endoplasms (D:2)
  A kobold (D:2)
14 creatures vanquished.

Vanquished Creatures (others)
  32 fungi
  48 plants
  7 toadstools (D:2)
87 creatures vanquished.

Grand Total: 588 creatures vanquished

Notes
Turn   | Place    | Note
-------+----------+-------------------------------------------
     0 | D:1      | Icepheonix32 the Demonspawn Ice Elementalist began the
                  | quest for the Orb.
     0 | D:1      | Reached XP level 1. HP: 13/13 MP: 3/3
   177 | D:1      | Found Xiepois's Antique Armour Boutique.
   658 | D:1      | Gained mutation: A weak demonic guardian rushes to your
                  | aid. [demonic ancestry]
   658 | D:1      | Reached XP level 2. HP: 18/19 MP: 3/5
   819 | D:1      | Found a faded altar of an unknown god.
  1490 | D:2      | Gained mutation: A demonic guardian rushes to your aid.
                  | [demonic ancestry]
  1490 | D:2      | Reached XP level 3. HP: 24/24 MP: 4/6
  2017 | D:2      | Learned a level 3 spell: Ozocubu's Armour
  2115 | D:2      | HP: 1/24 [acid (7)]
  2655 | D:2      | Reached skill level 5 in Ice Magic
  2655 | D:2      | Gained mutation: Spells you cast may paralyse adjacent
                  | enemies. [demonic ancestry]
  2655 | D:2      | Reached XP level 4. HP: 3/31 MP: 0/7
  3555 | D:3      | Discovered your monstrous ancestry.
  3555 | D:3      | Gained mutation: You have large cloven feet. [demonic
                  | ancestry]
  3555 | D:3      | Reached XP level 5. HP: 36/36 MP: 5/8
  3591 | D:3      | Found a large runed translucent door.
  3591 | D:3      | Found a large runed translucent door.
  3596 | D:3      | Noticed GigaChad's ghost (amateur MiFi)
  3837 | D:3      | Found a blossoming altar of Fedhas.
  3837 | D:3      | Found an ancient bone altar of Kikubaaqudgha.
  4193 | D:4      | Noticed an ice beast
  4220 | D:4      | Killed an ice beast
  4221 | D:4      | Reached skill level 1 in Fighting
  4239 | D:4      | Found an iron altar of Okawaru.
  4343 | D:4      | Gained mutation: You have sharp fingernails. [demonic
                  | ancestry]
  4343 | D:4      | Reached XP level 6. HP: 33/43 MP: 9/9
  4567 | D:4      | Learned a level 3 spell: Frozen Ramparts
  4795 | D:4      | Noticed an orc warrior
  4803 | D:4      | Killed an orc warrior
  4961 | D:4      | Found a shadowy altar of Dithmenos.
  4973 | D:4      | Gained mutation: Spells you cast may paralyse nearby
                  | enemies. [demonic ancestry]
  4973 | D:4      | Reached XP level 7. HP: 50/50 MP: 6/10
  5038 | D:4      | Found an opulent altar of Gozag.
  5824 | D:5      | Entered Level 5 of the Dungeon
  5834 | D:5      | Found a shimmering altar of Xom.
  5835 | D:5      | Found a hazy altar of Hepliaklqana.
  5835 | D:5      | Noticed a yak
  5836 | D:5      | Noticed a spectral ugly thing
  5992 | D:5      | Found a staircase to the Ecumenical Temple.
  6061 | Temple   | Entered the Ecumenical Temple
  6138 | Temple   | Became a worshipper of Uskayaw the Reveller
  6169 | D:5      | Reached * piety under Uskayaw
  6172 | D:5      | Reached ** piety under Uskayaw
  6389 | D:5      | Found Luocucw's Lightly-Used Armoury.
  6805 | D:5      | Reached XP level 8. HP: 57/57 MP: 8/11
  7020 | D:5      | Identified the ring of Vicewnurr {rCorr Str+5 SInv}
  7259 | D:6      | Reached *** piety under Uskayaw
  7260 | D:6      | Reached skill level 1 in Invocations
  7529 | D:6      | Reached skill level 2 in Invocations
  7789 | D:6      | Reached skill level 3 in Invocations
  8063 | D:6      | Learned a level 4 spell: Hailstorm
  8111 | D:7      | Found a runed translucent door.
  8111 | D:7      | Noticed Lamak's ghost (novice TrFi)
  8180 | D:7      | Found a sand-covered staircase.
  8188 | Ossuary  | Entered an ossuary
  8428 | Ossuary  | Reached XP level 9. HP: 65/65 MP: 12/12
  8840 | D:7      | Reached skill level 4 in Invocations
  9056 | D:7      | Noticed an unseen horror
  9061 | D:7      | Killed an unseen horror
  9062 | D:7      | Reached skill level 10 in Ice Magic
  9230 | D:7      | Reached **** piety under Uskayaw
  9466 | D:7      | Found a basalt altar of Yredelemnul.
  9467 | D:7      | Found a shimmering blue altar of Sif Muna.
  9613 | D:8      | Reached skill level 5 in Invocations
  9654 | D:8      | Noticed a two-headed ogre
  9661 | D:8      | Killed a two-headed ogre
  9678 | D:8      | Found Itres's Antique Weapon Shoppe.
 10028 | D:8      | Found Efifatan's Jewellery Shop.
 10052 | D:8      | Reached skill level 6 in Invocations
 10081 | D:8      | Found a staircase to the Lair.
 10113 | D:8      | Found Viynkyw's Weapon Shoppe.
 10174 | D:8      | Found Kaevanemi's Weapon Boutique.
 10196 | D:8      | Gained mutation: You have very sharp fingernails. [demonic
                  | ancestry]
 10196 | D:8      | Reached XP level 10. HP: 73/73 MP: 10/14
 10216 | D:8      | Found Rixtiep's General Store.
 10230 | D:8      | Bought a scroll of noise for 12 gold pieces
 10320 | D:8      | Found a burning altar of Makhleb.
 10567 | D:9      | Noticed a manticore
 10575 | D:9      | Killed a manticore
 10576 | D:9      | Reached skill level 1 in Short Blades
 10742 | D:9      | Found a staircase to the Orcish Mines.
 10987 | D:9      | Reached skill level 5 in Stealth
 11319 | D:9      | Noticed a two-headed ogre
 11327 | D:9      | Killed a two-headed ogre
 11328 | D:9      | Reached skill level 7 in Invocations
 11361 | D:9      | Identified the +8 chain mail of Hide-and-Seek {Will+ Str+2}
 11663 | D:10     | Entered Level 10 of the Dungeon
 11780 | D:10     | Found a sparkling altar of Nemelex Xobeh.
 11867 | D:10     | Learned a level 2 spell: Ensorcelled Hibernation
 11925 | D:10     | Noticed a gargoyle
 11944 | D:10     | Killed a gargoyle
 11945 | D:10     | Reached skill level 5 in Fighting
 11945 | D:10     | Reached skill level 1 in Armour
 12266 | D:10     | Reached ***** piety under Uskayaw
 12270 | D:10     | Reached ****** piety under Uskayaw
 12273 | D:10     | Reached XP level 11. HP: 76/79 MP: 12/16
 12298 | D:10     | Reached skill level 8 in Invocations
 13787 | D:11     | Noticed a two-headed ogre
 13792 | D:11     | Killed a two-headed ogre
 13935 | Lair:1   | Entered Level 1 of the Lair of Beasts
 13975 | Lair:1   | Identified the +0 ring mail "Tigoh" {*Slow rC+ Will- Int+6}
 14254 | Lair:1   | Reached skill level 9 in Invocations
 14446 | Lair:1   | Reached skill level 5 in Spellcasting
 15903 | Lair:2   | Gained mutation: You have hoof-like feet. [demonic
                  | ancestry]
 15903 | Lair:2   | Reached XP level 12. HP: 86/86 MP: 14/20
 15922 | Lair:2   | Noticed a catoblepas
 15937 | Lair:2   | Killed a catoblepas
 15938 | Lair:2   | Reached skill level 10 in Invocations
 16113 | Lair:2   | Noticed a six-headed hydra
 16128 | Lair:2   | Killed a six-headed hydra
 16366 | Lair:2   | Learned a level 7 spell: Ozocubu's Refrigeration
 16717 | Lair:2   | Got the Tome of Feathery Beguiling
 16720 | Lair:2   | Found a bloodstained altar of Trog.
 16780 | Lair:2   | Noticed a catoblepas
 17175 | Lair:2   | Killed a catoblepas
 17387 | Lair:3   | Found a gate leading to a gauntlet.
 17404 | Gauntlet | Entered a Gauntlet
 17404 | Gauntlet | Found a transporter.
 17413 | Gauntlet | Found a transporter.
 17428 | Gauntlet | Found a transporter.
 17433 | Gauntlet | Found a transporter.
 17434 | Gauntlet | Noticed a death scarab
 17443 | Gauntlet | Noticed a ghost crab
 17448 | Gauntlet | Found a transporter.
 17464 | Gauntlet | Noticed a death scarab
 17467 | Gauntlet | Found a transporter.
 17479 | Gauntlet | Found a transporter.
 17487 | Gauntlet | Noticed a hell beast
 17491 | Gauntlet | Found a transporter.
 17503 | Gauntlet | Found a transporter.
 17508 | Gauntlet | Noticed an entropy weaver
 17511 | Gauntlet | Found a transporter.
 17511 | Gauntlet | Found a transporter.
 17528 | Gauntlet | Found a transporter.
 17534 | Gauntlet | Found a transporter.
 17573 | Gauntlet | Found a transporter.
 17594 | Gauntlet | Noticed a tengu warrior
 17623 | Gauntlet | Found a transporter.
 17719 | Gauntlet | Found a transporter.
 17719 | Gauntlet | Found a transporter.
 18065 | Gauntlet | Found a transporter.
 18069 | Gauntlet | Killed a tengu warrior
 18083 | Gauntlet | Identified the ring of the Failed Coup {Drain rF+ rC+ Str+6
                  | Dex+8}
 18301 | Gauntlet | Killed a death scarab
 18303 | Gauntlet | Killed a death scarab
 18304 | Gauntlet | Reached skill level 11 in Invocations
 18307 | Gauntlet | Reached skill level 5 in Armour
 18575 | Gauntlet | Got Nenyduu's Guide on Execration
 18655 | Gauntlet | Noticed a minotaur
 18665 | Gauntlet | HP: 3/121 [minotaur/+1 glaive of protection (29)]
 18667 | Gauntlet | Killed a minotaur
 18672 | Gauntlet | Identified the +1 halberd "Caopepa" {venom, *Slow rF+ rN+
                  | Str+3}
 18673 | Gauntlet | Got the Compendium of Igneous Unholy Arts
 19845 | Lair:4   | Reached XP level 13. HP: 88/93 MP: 21/23
 20035 | Lair:4   | Reached skill level 12 in Invocations
 20483 | Lair:4   | Found a staircase to the Shoals.
 20813 | Lair:4   | Identified the +1 robe of the Hanged Man {+Blink rC+ SInv}
 20958 | D:8      | Bought the +7 pair of quick blades "Gyre" and "Gimble"
                  | {protect} for 1500 gold pieces
 20958 | D:8      | Found the +7 pair of quick blades "Gyre" and "Gimble"
                  | {protect}
 21126 | D:12     | Learned a level 3 spell: Mephitic Cloud
 21171 | D:12     | Reached skill level 1 in Conjurations
 21469 | D:12     | Reached skill level 1 in Poison Magic
 21469 | D:12     | Reached skill level 1 in Evocations
 21680 | D:12     | Noticed Fannar
 21690 | D:12     | Killed Fannar
 21858 | D:12     | Reached skill level 1 in Air Magic
 23008 | D:13     | Reached skill level 5 in Short Blades
 23008 | D:13     | Reached skill level 13 in Invocations
 23423 | D:13     | Reached XP level 14. HP: 91/100 MP: 25/25
 23784 | D:14     | Found a gate to the Vaults.
 24782 | D:14     | Found a shimmering blue altar of Sif Muna.
 24876 | D:15     | Entered Level 15 of the Dungeon
 25186 | D:15     | Reached skill level 10 in Stealth
 25418 | D:15     | Found a bloodstained altar of Trog.
 25418 | D:15     | Found an opulent altar of Gozag.
 25680 | D:15     | Found a staircase to the Depths.
 25686 | D:15     | Learned a level 4 spell: Summon Ice Beast
 25872 | D:15     | Gained mutation: You have a pair of small horns on your
                  | head. [demonic ancestry]
 25872 | D:15     | Reached XP level 15. HP: 66/106 MP: 24/27
 25879 | D:15     | Reached skill level 14 in Invocations
 27166 | D:15     | Reached skill level 5 in Evocations
 28064 | D:15     | Got the Collected Works on Destructive Translocation
 28083 | D:15     | HP: 5/108 [yaktaur captain/bolt (35)]
 28084 | D:15     | Shot with a bolt by a yaktaur captain

Illustrated notes

Levels and vault maps discovered:
D:1:      saegor_arrival_simple_b, layout_basic,
          shapermc_ecumenical_altar_mp_highgroup, serial_shops, shop
D:2:      cheibrodos_fertilizer, layout_basic
D:3:      layout_rooms, grunt_temple_overflow_growth_and_decay,
          ebering_ghost_disaster_area
D:4:      kb_forest_paths, layout_basic, nicolae_dithmenos_the_darkroom,
          nicolae_overflow_hidden_temple, okawaru_gym_becter,
          nicolae_elevator_lobby_plus
D:5:      layout_cave_pods, regret_index_temple_of_mockery, elyvilon_altar_1,
          minmay_temple_entry_enclosed_plants, minmay_shop_damaged
D:6:      layout_loops_cross, hangedman_decor_diamond_cutter
D:7:      layout_loops_cross, gammafunk_temple_overflow_statue,
          nicolae_ossuary_entry_giza, gammafunk_ghost_grave, grunt_ministairs_7
D:8:      layout_rooms, demons_altar, dpeg_oklobed_lair, serial_shops, shop,
          nicolae_shop_stone, kennysheep_mini, nicolae_stop_n_shop_2,
          nicolae_square_shop, st_stairs_10
D:9:      layout_gridville, minmay_orc_entry_guard_dogs
D:10:     layout_roguey, mainiacjoe_overflow_surrounded_room
D:11:     layout_grid_maze
D:12:     layout_long_grid, uniq_fannar
D:13:     layout_small_grid, minivault_24
D:14:     layout_small_grid, erik_vaults_2, led_sif_pool
D:15:     hangedman_slaughterboxes
Temple:   eino_temple_lava
Lair:1:   layout_loops_ring, disabler_island
Lair:2:   layout_big_grid, basic_altar, grunt_megastairs_4
Lair:3:   layout_chaotic_city, gauntlet_entry_generic, grunt_forest_stairs_basic
Lair:4:   layout_cave_pods, shoals_dummy_entry, spider_nest_entry_funnel_web,
          lemuel_fruit_fields, lemuel_fruit_fields, grunt_megastairs_5,
          lemuel_fruit_fields

Skill      XL: |  1  2  3  4  5  6  7  8  9 10 11 12 13 14 15 |
---------------+----------------------------------------------+-----
Ice Magic      | 4 5 6 7 8 9 11 12 13 | 13.9
Fighting       | 1 2 3 4 5 6 7 |  7.5
Stealth        | 2 3 4 6 7 8 9 10 | 10.8
Invocations    | 3 6 7 9 11 13 14 | 14.6
Dodging        | 2 3 4 |  4.6
Short Blades   | 2 3 4 5 6 |  6.9
Spellcasting   | 3 5 6 7 8 |  8.9
Armour         | 1 4 5 6 |  6.6
Conjurations   | 2 4 |  4.6
Poison Magic   | 2 4 |  4.3
Evocations     | 2 4 5 |  5.3
Air Magic      | 2 4 |  4.2
Hexes          | |  0.6

Action                   |  1- 3 |  4- 6 |  7- 9 | 10-12 | 13-15 || total
-------------------------+-------+-------+-------+-------+-------++-------
Melee: Hand axe          |    35 |    13 |       |       |       ||    48
       Short sword       |       |    94 |   226 |   324 |    51 ||   695
       Kick              |       |    19 |    80 |   124 |   230 ||   453
       Punch             |       |     2 |     4 |     1 |     2 ||     9
       Pair of quick bla |       |       |       |       |   513 ||   513
       Headbutt          |       |       |       |       |    36 ||    36
Throw: Boomerang         |       |       |       |     6 |     4 ||    10
 Cast: Freeze            |    51 |    12 |    19 |     7 |     4 ||    93
       Ozocubu's Armour  |     2 |    18 |    32 |    83 |    73 ||   208
       Frozen Ramparts   |       |     3 |    35 |    51 |    52 ||   141
       Hailstorm         |       |       |     1 |     2 |     3 ||     6
       Ensorcelled Hiber |       |       |       |     4 |     3 ||     7
       Ozocubu's Refrige |       |       |       |       |     1 ||     1
       Mephitic Cloud    |       |       |       |       |     4 ||     4
       Summon Ice Beast  |       |       |       |       |     3 ||     3
Invok: Stomp             |       |       |       |       |     1 ||     1
       Grand Finale      |       |       |       |       |     1 ||     1
Evoke: Wand              |       |       |       |     7 |     2 ||     9
  Use: Scroll            |     1 |     2 |    15 |     9 |     5 ||    32
       Potion            |     1 |       |     1 |     4 |     1 ||     7
 Stab: Sleeping          |     1 |     3 |     7 |     4 |    17 ||    32
       Paralysed         |       |    15 |    69 |   118 |    98 ||   300
       Distracted        |       |       |       |       |     2 ||     2
       Petrifying        |       |       |       |       |     3 ||     3
       Confused          |       |       |       |       |     1 ||     1
Armor: Robe              |    10 |    33 |    76 |    14 |       ||   133
       Chain mail        |       |       |       |   139 |       ||   139
       Steam dragon scal |       |       |       |    67 |   209 ||   276
Dodge: Dodged            |    53 |    88 |   130 |   138 |   193 ||   602
